Map: Abyssal Reef LE

Players

Computer - Winner!

  • Race: Terran Terran
  • Spawn Location: 5:00

KimChiLoVer

  • Race: Terran Terran
  • League: Diamond
  • Spawn Location: 11:00

VOD

Have the link to the VOD?

Description

Time

  • Played on: April 5, 2025, 6:55 p.m.
  • Length: 7:32
Show
View Real Time Build Order
Export as new Build Order

Computer Terran - Winner!

Build Orders: Cyclone Opening 

Get SALT Encoding   

  12  0:00  SCV  
  13  0:12  SCV  
  14  0:17  Supply Depot  
  14  0:24  SCV  
  15  0:38  SCV  
  15  0:40  Barracks  
  16  0:44  Refinery  
  16  0:50  SCV  
  16  0:54  Refinery  
  17  1:03  SCV  
  18  1:15  SCV  
  19  1:27  Reaper, Orbital Command  
  20  1:42  Factory  
  20  1:47  Supply Depot  
  20  1:53  SCV  
  21  1:59  Reaper  
  22  2:05  SCV  
  23  2:19  Command Center  
  23  2:27  Factory Tech Lab  
  23  2:30  SCV  
  23  2:33  Starport  
  24  2:41  Barracks Reactor  
  24  2:42  SCV  
  25  2:45  Barracks Reactor  
  25  2:54  SCV  
  25  2:57  Cyclone  
  29  2:58  Supply Depot  
  29  3:09  Refinery  
  29  3:11  SCV  
  30  3:23  SCV  
  31  3:29  Siege Tank  
  31  3:30  Orbital Command  
  34  3:38  Viking  
  36  3:43  SCV, Refinery  
  37  3:55  SCV  
  38  4:01  Siege Tank  
  40  4:03  SCV  
  40  4:07  SCV  
  40  4:08  Viking  
  44  4:15  SCV, Supply Depot  
  45  4:27  SCV  
  45  4:28  SCV  
  47  4:33  Siege Tank  
  47  4:34  Viking  
  52  4:39  SCV  
  52  4:40  Viking  
  52  4:43  SCV  
  56  4:50  Factory  
  56  4:58  Supply Depot  
  56  5:00  SCV  
  56  5:02  SCV  
  56  5:05  Siege Tank  
  61  5:12  SCV  
  61  5:13  Supply Depot  
  62  5:21  Viking  
  62  5:22  Viking  
  62  5:24  SCV  
  62  5:25  SCV  
  62  5:27  Supply Depot  
  68  5:34  Factory Tech Lab  
  68  5:37  Siege Tank  
  68  5:39  Supply Depot  
  68  5:40  SCV  
  68  5:41  SCV  
  73  5:50  Supply Depot  
  73  5:53  Siege Tank  
  73  5:54  Viking  
  78  5:57  Viking  
  80  6:12  SCV  
  80  6:18  Siege Tank  
  84  6:21  SCV  
  84  6:24  Viking  
  87  6:27  Viking  
  87  6:30  SCV  
  90  6:40  Siege Tank  
  90  6:44  Supply Depot  
  95  7:17  Command Center  
Show
View Real Time Build Order
Export as new Build Order

KimChiLoVer Terran 

Build Orders:  

Get SALT Encoding   

  12  0:00  SCV  
  13  0:13  SCV  
  14  0:18  Supply Depot  
  14  0:25  SCV  
  15  0:40  SCV  
  15  0:42  Barracks  
  16  0:46  Refinery  
  16  0:52  SCV  
  16  0:56  Refinery  
  17  1:04  SCV  
  18  1:16  SCV  
  19  1:32  Reaper  
  20  1:33  Orbital Command  
  20  1:35  Supply Depot  
  20  1:47  Factory  
  20  2:05  SCV  
  20  2:07  Reaper  
  22  2:24  Command Center  
  22  2:32  Hellion  
  22  2:35  Starport  
  24  2:49  SCV  
  25  2:55  Factory Tech Lab  
  25  2:59  Barracks Reactor  
  25  3:08  Supply Depot  
  25  3:10  SCV  
  26  3:13  Viking  
  26  3:19  Cyclone  
  31  3:29  SCV, Supply Depot  
  32  3:40  Marine  
  34  3:41  Marine  
  34  3:47  Viking  
  34  3:48  Barracks  
  36  3:55  Orbital Command  
  34  4:07  Siege Tank  
  37  4:10  SCV  
  37  4:16  Marine  
  39  4:21  Starport Reactor  
  39  4:22  SCV  
  40  4:34  SCV  
  41  4:40  SCV  
  42  4:45  Barracks Tech Lab  
  42  4:46  SCV  
  42  4:48  Barracks  
  42  4:52  SCV  
  44  4:54  Barracks  
  44  4:55  Supply Depot  
  44  4:58  SCV  
  45  5:04  SCV  
  44  5:10  SCV  
  45  5:18  SCV  
  46  5:21  Refinery  
  46  5:22  SCV  
  46  5:23  Refinery  
  46  5:27  Stimpack  
  47  5:30  SCV  
  47  5:32  Siege Tank  
  47  5:33  Marine  
  47  5:35  SCV  
  53  5:42  SCV  
  53  5:46  Engineering Bay  
  53  5:47  SCV  
  53  5:48  Medivac  
  57  5:50  Barracks Reactor  
  57  5:53  Barracks Reactor  
  57  5:55  Marine x2, SCV  
  57  5:56  Marine  
  61  5:59  SCV  
  62  6:07  SCV  
  62  6:11  SCV  
  57  6:25  Marine x3  
  50  6:26  Marine  
  40  6:34  SCV  
  40  6:36  Marine x3  
  33  6:41  Viking  
  33  6:42  Command Center  
  33  6:43  Marine x3  
  33  6:44  Marine  
  34  7:01  Marine  
  34  7:02  Marine  
Tags
 
League
Diamond
Matchup
TvT
Race
Terran
Spawn Locations
Cross Positions
Add a new tag
Caveats
  • Supply blocks, unpowered buildings, or Contaminate may cause inaccurate times.
  • Supply counts are checked every 10 seconds.